 Dungeon Crawl Stone Soup version 0.31.0-11-ge490571c62 (webtiles) character file.

Game seed: 9640952122469390479

44 Flugkiller the Firebug (level 3, -2/26 HPs)
             Began as a Ghoul Fire Elementalist on Jan 29, 2024.
             Slain by a hobgoblin (3 damage)
             ... on level 2 of the Dungeon.
             The game lasted 00:01:14 (1282 turns).

Flugkiller the Firebug (Ghoul Fire Elementalist)    Turns: 1282, Time: 00:01:14

Health: -2/26      AC:  3    Str: 11    XL:     3   Next: 60%
Magic:  6/6        EV: 12    Int: 16    God:
Gold:   72         SH:  0    Dex:  9    Spells: 5/6 levels left

rFire   . . .        k - +0 quarterstaff
rCold   + . .        (shield currently unavailable)
rNeg    + + +        a - +0 robe
rPois   ∞            j - +1 hat
rElec   .            (no cloak)
rCorr   .            (no gloves)
SInv    .            (no boots)
Will    .....        (no amulet)
Stlth   ++           (no ring)
HPRegen 0.00/turn    (no ring)
MPRegen 0.10/turn

%: no passive effects
@: inhibited regen
A: claws 1, cold resistance 1, negative energy resistance 3, inhibited
regeneration, torment resistance 2, devour on kill
a: no special abilities


You were on level 2 of the Dungeon.
You visited 1 branch of the dungeon, and saw 2 of its levels.

You collected 72 gold pieces.

Inventory:

Hand Weapons
 k - a +0 quarterstaff (weapon)
   (You found it on level 2 of the Dungeon)
Armour
 a - a +0 robe (worn)
 j - a +1 hat (worn)
   (You found it on level 1 of the Dungeon)
Scrolls
 c - a scroll of fog {unknown}
 e - a scroll of identify {unknown}
 h - a scroll of fear {unknown}
Potions
 b - a potion of magic
 d - a potion of heal wounds {unknown}
 g - a potion of haste {unknown}
 i - a potion of curing {unknown}


   Skills:
 - Level 1.7 Dodging
 - Level 2.1 Stealth
 + Level 2.2 Spellcasting
 + Level 1.4 Conjurations
 * Level 3.1 Fire Magic


You had 5 spell levels left.
You knew the following spells:

 Your Spells              Type           Power      Damage    Failure   Level
a - Foxfire               Conj/Fire      36%        2x1d5     8%          1

Your spell library contained the following spells:

 Spells                   Type           Power      Damage    Failure   Level
 Scorch                   Fire           22%        2d5       9%          2
 Kiss of Death            Conj/Necr      16%        2d6       16%         1
 Inner Flame              Hex/Fire       6%         N/A       32%         3
 Volatile Blastmotes      Fire/Tloc      12%        2d11      32%         3
 Confusing Touch          Hex            1%         N/A       52%         3
 Flame Wave               Conj/Fire      9%         2d6       61%         4
 Dispel Undead            Necr           1%         3d6       90%         4


Dungeon Overview and Level Annotations

Branches:
Dungeon (2/15) Zot: 10717

Altars:

Annotations:
D:2 Sigmund


Innate Abilities, Weirdness & Mutations

You are immune to poison.
You have sharp fingernails.
Your flesh is cold resistant. (rC+)
You are immune to negative energy. (rN+++)
You do not regenerate when monsters are visible.
You are immune to unholy pain and torment.
You thrive by killing the living.


Message History

You start resting.
Magic restored.
You start waiting.
Done waiting.
Found a stone staircase leading up.
There is a stone staircase leading up here.
You now have 72 gold pieces (gained 10).
A rat comes into view.
The rat squeaks loudly.
A bat comes into view.
The bat moves out of view.
A rat is nearby!
Unknown command.
A rat comes into view.
The rat squeaks loudly.
Casting: Foxfire (safe; 9% risk of failure)
Confirm with . or Enter, or press ? or * to list all spells.
You conjure some foxfire!
The rat barely misses you.
Casting: Foxfire (safe; 9% risk of failure)
Confirm with . or Enter, or press ? or * to list all spells.
You miscast Foxfire.
You are very lightly contaminated with residual magic.
Nothing appears to happen.
The foxfire hits the rat.
The rat is severely wounded.
The foxfire hits the rat.
The rat is moderately wounded.
The bat hits you but does no damage. The rat bites you.
The bat hits you but does no damage.
Casting: Foxfire (safe; 9% risk of failure)
Confirm with . or Enter, or press ? or * to list all spells.
You conjure some foxfire!
The bat closely misses you.
The foxfire hits the bat.
The bat is heavily wounded.
The rat closely misses you. The rat bites you but does no damage.
Casting: Foxfire (safe; 9% risk of failure)
Confirm with . or Enter, or press ? or * to list all spells.
You conjure some foxfire!
The foxfire hits the rat.
You kill the rat!
You feel better. The bat misses you. The bat closely misses you.
The rat closely misses you.
The foxfire hits the rat.
You kill the rat!
The foxfire hits the bat.
You kill the bat!
No target in view!
No target in view!
No target in view!
Your magical contamination has completely faded away.
There is a stone staircase leading up here.
You see here a +0 quarterstaff.
k - a +0 quarterstaff
k - a +0 quarterstaff (weapon)
You drop a +0 dagger.
A bat comes into view.
A bat is nearby!
A bat is nearby!
Unknown command.
The bat closely misses you.
You hit the bat.
You kill the bat!
You see here a bat corpse.
No target in view!
No target in view!
Found an escape hatch in the ceiling.
A hobgoblin comes into view.
The hobgoblin shouts!
A hobgoblin is nearby!
Unknown command.
Sigmund the Dreaded comes into view.
He is wielding a +1 scythe of freezing.
You strike the helpless Sigmund from behind!
You hit Sigmund.
Sigmund is lightly wounded.
Sigmund barely misses you. The hobgoblin hits you.
You sock Sigmund!
Sigmund is heavily wounded.
Sigmund hits you with a +1 scythe of freezing!
Sigmund freezes you. The hobgoblin hits you.
You are too injured to fight recklessly!
Sigmund barely misses you.
The hobgoblin attacks as it pursues you!
The hobgoblin hits you.
Sigmund mumbles some strange words.
Sigmund flickers and vanishes!
Deactivating autopickup; reactivate with Ctrl-A.
The hobgoblin attacks as it pursues you!
The hobgoblin barely misses you.
The hobgoblin attacks as it pursues you!
The hobgoblin misses you.
The hobgoblin attacks as it pursues you!
The hobgoblin hits you.
The hobgoblin attacks as it pursues you!
The hobgoblin barely misses you.
The hobgoblin attacks as it pursues you!
The hobgoblin hits you but does no damage.
A puff of flame appears from out of thin air!
The puff of flame hits you!
* * * LOW HITPOINT WARNING * * *
Found 9 gold pieces.
There is an escape hatch in the ceiling here.
The hobgoblin hits you.
You die...

#.......#
####.####
$## #.# ..#
#.# #.# #.#
#.#
###.######.#
#.....{....#
#.#......g.#
#.########@#
#.# #.# #.#
#.# #.# #.#
#.# #.#
#######.#
#.#
..†.....#
#.#
#########
#.#


You could see a hobgoblin.

Vanquished Creatures
  A dart slug (D:1)
  A ribbon worm (D:2)
  A ball python (D:1)
  8 bats
  2 endoplasms (D:1)
  A giant cockroach (D:1)
  3 hobgoblins (D:1)
  6 jackals (D:1)
  A kobold (D:1)
  4 frilled lizards (D:1)
  4 goblins (D:1)
  4 rats
36 creatures vanquished.

Vanquished Creatures (others)
  81 foxfires
81 creatures vanquished.

Grand Total: 117 creatures vanquished

Notes
Turn   | Place    | Note
-------+----------+-------------------------------------------
     0 | D:1      | Flugkiller the Ghoul Fire Elementalist began the quest for
                  | the Orb.
     0 | D:1      | Reached XP level 1. HP: 14/14 MP: 3/3
    56 | D:1      | Reached skill level 1 in Conjurations
    61 | D:1      | Reached XP level 2. HP: 7/20 MP: 1/4
   426 | D:1      | Reached XP level 3. HP: 26/26 MP: 3/6
   428 | D:1      | Reached skill level 3 in Fire Magic
  1267 | D:2      | Noticed Sigmund
  1280 | D:2      | HP: 1/26 [something/puff of flame (8)]
  1282 | D:2      | Slain by a hobgoblin

Illustrated notes

Levels and vault maps discovered:
D:1:      dpeg_arrival_rooms_a, layout_rooms, minmay_split_cup_small
D:2:      layout_loops_ring, uniq_natasha, uniq_sigmund, uniq_robin

Skill      XL: |  1  2  3 |
---------------+----------+-----
Conjurations   | 1 |  1.4
Spellcasting   | 2 |  2.2
Fire Magic     | 3 |  3.1
Dodging        | |  1.7
Stealth        | |  2.1

Action                     || total
---------------------------++-------
  Melee: Unarmed           ||    55
         Dagger            ||    23
         Punch             ||     1
         Quarterstaff      ||     3
   Cast: Foxfire           ||    54
   Stab: Distracted        ||     1
 Armour: Robe              ||    68
  Dodge: Dodged            ||   105
